 Dungeon Crawl Stone Soup version 0.31.0-11-ge490571c62 (webtiles) character file.

Game seed: 15711573013267115037

5329 ProzacElf the Grappler (level 10, -3/81 HPs)
             Began as a Troll Hedge Wizard on Feb 3, 2024.
             Was a High Priest of Fedhas.
             Asphyxiated
             ... on level 9 of the Dungeon.
             The game lasted 00:15:20 (7429 turns).

ProzacElf the Grappler (Troll Hedge Wizard)         Turns: 7429, Time: 00:15:20

Health: -3/81      AC:  8    Str: 20    XL:     10   Next: 38%
Magic:  0/21       EV: 14    Int: 10    God:    Fedhas [*****.]
Gold:   415        SH:  7    Dex: 13    Spells: 10/13 levels left

rFire   . .          .
                       - Unarmed
rCold   . . .        u - +0 kite shield
rNeg    . . .        j - +0 acid dragon scales
rPois   .            c - +0 hat
rElec   .            (no cloak)
rCorr   +            (gloves unavailable)
SInv    .            (boots unavailable)
Will    .....        l - amulet of guardian spirit
Stlth   ++           r - ring of magical power
HPRegen 1.13/turn    v - +5 ring of evasion {=R}
MPRegen 0.17/turn

%: guardian spirit
@: lethally poisoned (-3 -> -42), slowed, very slow
A: large, unfitting armour, claws 3, regeneration 1, shaggy fur 1, tough skin 1
a: Renounce Religion, Wall of Briars, Grow Ballistomycete, Overgrow, Grow Oklob


You were on level 9 of the Dungeon.
You worshipped Fedhas.
Fedhas was extremely pleased with you.
You visited 2 branches of the dungeon, and saw 10 of its levels.
You also visited: Ossuary.

You collected 415 gold pieces.

Inventory:

Hand Weapons
 d - a +0 dagger
 i - a +0 mace
 I - a +0 giant club
 K - a +2 mace of protection
 P - the +7 mace of Variability {chaos, chaos arc}
   (You found it on level 9 of the Dungeon)
Missiles
 e - 13 poisoned darts (quivered)
 s - 3 curare-tipped darts
 G - 7 boomerangs
Armour
 b - a +0 robe
 c - a +0 hat (worn)
 j - +0 acid dragon scales (worn)
 p - a +2 animal skin
 u - a +0 kite shield (worn)
 L - a +0 robe of willpower
Jewellery
 g - an amulet of the acrobat
 l - an amulet of guardian spirit (around neck)
 r - a ring of magical power (left claw)
 v - a +5 ring of evasion (right claw) {=R}
 C - a ring of ice
Wands
 m - a wand of flame (28)
 F - a wand of mindburst (15)
 H - a wand of paralysis (8)
 O - a wand of polymorph (7)
Scrolls
 f - 2 scrolls of teleportation
 k - a scroll of immolation
 q - a scroll of vulnerability
 y - a scroll of fear
 M - a scroll of silence
 N - a scroll of torment {unknown}
 S - a scroll of fog {unknown}
 T - a scroll of enchant weapon {unknown}
Potions
 a - 3 potions of magic
 h - 4 potions of curing
 o - a potion of mutation
 t - a potion of ambrosia {!e}
 w - 4 potions of enlightenment
 x - a potion of invisibility {unknown}
 z - a potion of brilliance {unknown}
 A - 2 potions of haste {unknown}
 B - 2 potions of degeneration {unknown}
 D - 3 potions of heal wounds
 E - a potion of lignification {unknown}
 J - 2 potions of berserk rage {unknown}
 R - a potion of might {unknown}
Miscellaneous
 Q - a phial of floods
 U - a box of beasts


   Skills:
 - Level 5.0 Dodging
 - Level 2.5 Stealth
 + Level 14.5 Unarmed Combat
 - Level 2.0 Spellcasting
 - Level 0.6 Conjurations
 - Level 0.6 Summonings
 - Level 0.6 Translocations
 + Level 3.8 Invocations


You had 10 spell levels left.
You knew the following spells:

 Your Spells              Type           Power      Damage    Failure   Level
a - Magic Dart            Conj           8%         1d3       65%         1
o - Blink                 Tloc           4%         N/A       80%         2

Your spell library contained the following spells:

 Spells                   Type           Power      Damage    Failure   Level
 Summon Small Mammal      Summ           8%         N/A       65%         1
 Slow                     Hex            4%         N/A       75%         1
 Call Imp                 Summ           4%         N/A       80%         2
 Lesser Beckoning         Tloc           4%         N/A       80%         2
 Cigotuvi's Dreadful Rot  Necr/Alch/Air  2%         N/A       86%         2
 Call Canine Familiar     Summ           2%         N/A       95%         3
 Gell's Gravitas          Tloc           2%         N/A       95%         3
 Teleport Other           Tloc           2%         N/A       95%         3
 Mephitic Cloud           Conj/Alch/Air  1%         N/A       97%         3
 Sigil of Binding         Hex            1%         N/A       98%         3
 Dimensional Bullseye     Hex/Tloc       0%         N/A       100%        4
 Vhi's Electric Charge    Tloc/Air       2%         N/A       100%        4
 Arcjolt                  Conj/Air       0%         1d10      100%        5
 Plasma Beam              Fire/Air       0%         2x1d10    100%        6


Dungeon Overview and Level Annotations

Branches:
Dungeon (9/15)             Temple (1/1) D:4            Lair (0/5) D:8
Ossuary (visited)
    Orc: D:9-12

Altars:
Ashenzari
Cheibriados
Elyvilon
Fedhas
Gozag
Hepliaklqana
Kikubaaqudgha
Makhleb
Nemelex Xobeh
Okawaru
Qazlal
Ru
Sif Muna
Uskayaw
Vehumet
Wu Jian
Xom
Yredelemnul
Zin
The Shining One

Shops:
D:4 [

Annotations:
D:9 Amaemon


Innate Abilities, Weirdness & Mutations

You are too large for most types of armour.
You have claws for hands.
Your natural rate of healing is unusually fast.
You are covered in fur. (AC +1)
You have tough skin. (AC +1)


Message History

Tha hornet stin's ye but does nay damage.
Ye block tha scorpion's attack.
Amaemon gestures at tha scorpion while chantin'.
Tha scorpion's venom grows more potent.
Tha orange demon completely misses ye.
Ye take 9 damage, an' haf 27/81 hp.
Ye now haf 3/21 mp.
Ye feel better.
Tha hornet barely misses ye.
Tha scorpion barely misses ye.
Tha orange demon stin's ye from afar.
Ye be poison'd.
Ye haf difficulty breathin'.
Ye feel as though ye will be slow longer.
Amaemon hits ye wit' a +0 demon whip o' venom!
* * * LOW HITPOINT WARNIN'
* * * Ye be more poison'd.
Amaemon closely misses ye.
Ye block Amaemon's attack.
Tha hornet completely misses ye.
Tha scorpion completely misses ye.
Ye take 7 damage, an' haf 20/81 hp.
Ye now haf 2/21 mp.
Ye barely miss Amaemon.
Amaemon be almost dead.
* * * LOW HITPOINT WARNIN'
* * * Ye feel 'stremely sick.
Tha scorpion stin's ye but does nay damage.
Tha hornet closely misses ye.
Ye block tha orange demon's attack.
Amaemon barely misses ye.
Amaemon claws ye but does nay damage.
Amaemon closely misses ye.
Tha scorpion stin's ye but does nay damage.
Ye block tha scorpion's attack.
Ye block tha hornet's attack.
Ye take 14 damage, an' haf 6/81 hp.
Ye feel better.
Amaemon barely misses ye.
Ye block Amaemon's attack.
Amaemon tail-slaps ye.
* * * LOW HITPOINT WARNIN'
* * * Tha orange demon barely misses ye.
Tha hornet stin's ye but does nay damage.
Tha scorpion stin's ye but does nay damage. x2
Amaemon gestures wildly while chantin'.
Tha orange demon stin's ye from afar!
* * * LOW HITPOINT WARNIN'
* * * Ye be leth'lly poison'd!
Ye haf difficulty breathin'.
Ye die...
Fedhas appreciates yer contribution ta tha ecosystem.

.....⌠.~....#.#
....#)#...#...#### .###
...≈.#_).⌠....##.. ...
....##.)#...#.##.# ..###
....##.§>...#.##.##.....
....#.§.......##.#...#
..#⌠.≈§#..⌠......:..#
..⌠...§~∩......ys.4.#
.............###@##.#
.#######.##..# #s6ss....
.## ##.###.# ####s####
..# ##...##.###### # #.#
#...........>#6# #.#
#....##.####.#.# #.#
#.#.###.# #.#.# #.#
#.#.##..# #.#.# #.#
#.#.##.## #.#.#


You could see Amaemon, an orange demon (curare), a hornet and 5 scorpions.

Vanquished Creatures
  Maggie (D:7)
  A troll (D:9)
  Sigmund (D:2)
  A vampire (D:9)
  A wyvern (D:8)
  4 steam dragons
  3 chaos spawn (D:9)
  A water moccasin (D:8)
  3 ice beasts
  A sky beast (D:6)
  2 orc warriors
  2 ogres
  2 phantoms (D:6)
  2 centaurs
  3 kobold brigands
  3 elf zombies (Ossuary)
  3 bullfrogs
  A gnoll sergeant (D:7)
  2 scorpions
  3 wights (D:7)
  3 killer bees (D:9)
  A howler monkey (D:5)
  2 bombardier beetles (D:5)
  2 human zombies (D:7)
  A centaur zombie (Ossuary)
  6 orc priests
  2 hounds (D:5)
  Terence (D:2)
  3 iguanas
  Natasha (thrice) (D:2)
  13 orc wizards
  8 hound zombies (Ossuary)
  2 mummies (Ossuary)
  Robin (D:2)
  7 gnolls (D:7)
  3 adders
  2 white imps
  2 ufetubi (D:6)
  5 adder zombies (Ossuary)
  6 dart slugs
  A ribbon worm (D:2)
  23 orcs
  3 bats
  8 endoplasms
  4 giant cockroaches
  5 gnoll zombies (Ossuary)
  15 goblins
  6 hobgoblins
  4 jackals (D:2)
  12 ball pythons
  8 frilled lizards
  4 jackal zombies (Ossuary)
  17 kobolds
  2 kobold zombies (Ossuary)
  4 orc skeletons (D:7)
  9 orc zombies (Ossuary)
  12 rats
250 creatures vanquished.

Vanquished Creatures (others)
  A gnoll (D:7)
  2 kobolds (D:7)
3 creatures vanquished.

Grand Total: 253 creatures vanquished

Notes
Turn   | Place    | Note
-------+----------+-------------------------------------------
     0 | D:1      | ProzacElf the Troll Hedge Wizard began the quest for the
                  | Orb.
     0 | D:1      | Reached XP level 1. HP: 16/16 MP: 2/2
   205 | D:1      | Reached skill level 1 in Unarmed Combat
   208 | D:1      | Reached XP level 2. HP: 20/24 MP: 4/4
   695 | D:1      | Reached XP level 3. HP: 31/31 MP: 5/5
   828 | D:2      | Noticed Terence
   837 | D:2      | Killed Terence
   838 | D:2      | Reached skill level 2 in Unarmed Combat
   913 | D:2      | Noticed Sigmund
   913 | D:2      | Noticed Natasha
   997 | D:2      | Reached XP level 4. HP: 37/39 MP: 6/6
  1002 | D:2      | Reached skill level 11 in Unarmed Combat
  1002 | D:2      | Reached XP level 5. HP: 16/45 MP: 7/7
  1004 | D:2      | Killed Natasha
  1042 | D:2      | Noticed Natasha
  1055 | D:2      | Killed Natasha
  1111 | D:2      | Killed Sigmund
  1112 | D:2      | Reached XP level 6. HP: 47/53 MP: 8/8
  1225 | D:2      | Noticed Natasha
  1230 | D:2      | Killed Natasha
  1535 | D:2      | Noticed Robin
  1541 | D:2      | Killed Robin
  1885 | D:3      | Learned a level 2 spell: Blink
  2303 | D:3      | Found a hazy altar of Hepliaklqana.
  2304 | D:3      | Found a blossoming altar of Fedhas.
  2305 | D:3      | Found a shimmering altar of Xom.
  2305 | D:3      | Found an iron altar of Okawaru.
  2311 | D:3      | Became a worshipper of Fedhas Madash
  2382 | D:4      | Found a staircase to the Ecumenical Temple.
  2387 | Temple   | Entered the Ecumenical Temple
  2562 | D:4      | Found Negetiw's Antique Armour Shop.
  2759 | D:4      | Reached skill level 12 in Unarmed Combat
  2844 | D:4      | Reached XP level 7. HP: 59/59 MP: 9/9
  3175 | D:5      | Entered Level 5 of the Dungeon
  3392 | D:5      | Reached * piety under Fedhas
  3563 | D:5      | Found a hide-covered altar of Uskayaw.
  3708 | D:5      | Found a stormy altar of Qazlal.
  4075 | D:6      | Reached XP level 8. HP: 67/67 MP: 10/10
  4185 | D:6      | Found a glowing golden altar of the Shining One.
  4725 | D:6      | Reached skill level 13 in Unarmed Combat
  4907 | D:6      | Found a glowing silver altar of Zin.
  4910 | D:6      | Found a white marble altar of Elyvilon.
  4968 | D:7      | Reached ** piety under Fedhas
  5135 | D:7      | Noticed Maggie
  5151 | D:7      | Killed Maggie
  5152 | D:7      | Reached XP level 9. HP: 47/74 MP: 8/11
  5236 | D:7      | Found a sand-covered staircase.
  5241 | Ossuary  | Entered an ossuary
  5382 | Ossuary  | Reached *** piety under Fedhas
  5737 | D:7      | Found an ornate altar of the Wu Jian Council.
  5911 | D:7      | Found a radiant altar of Vehumet.
  5917 | D:7      | Found an ancient bone altar of Kikubaaqudgha.
  5923 | D:7      | Found a shimmering blue altar of Sif Muna.
  5929 | D:7      | Reached **** piety under Fedhas
  5941 | D:7      | Got Sif Muna's Quarto of Companions
  6119 | D:7      | Reached skill level 5 in Dodging
  6413 | D:8      | Reached skill level 1 in Invocations
  6502 | D:8      | Found a staircase to the Lair.
  6695 | D:8      | Reached skill level 14 in Unarmed Combat
  6695 | D:8      | Reached XP level 10. HP: 81/81 MP: 12/12
  6985 | D:9      | Found a shimmering altar of Xom.
  7057 | D:9      | Found the +7 mace of Variability {chaos, chaos arc}
  7333 | D:9      | Found a snail-covered altar of Cheibriados.
  7342 | D:9      | Reached ***** piety under Fedhas
  7388 | D:9      | Noticed Amaemon
  7411 | D:9      | Noticed an orange demon
  7429 | D:9      | Asphyxiated

Illustrated notes

Levels and vault maps discovered:
D:1:      dpeg_arrival_ratfight, layout_loops_ring, nicolae_hexahallways
D:2:      layout_loops_ring, palyth_stone_intersect, kennysheep_generic_room_16,
          uniq_robin, uniq_sigmund, uniq_natasha, uniq_terence
D:3:      layout_loops_ring, mainiacjoe_overflow_alcove_3, grunt_decor_junction
D:4:      layout_gridville, minmay_temple_entry_drinking_statues, serial_shops,
          shop_statue, reono_crystal_passage
D:5:      minmay_skewed_foursquare, layout_basic, kennysheep_mini,
          mainiacjoe_overflow_concentric_impassable, minmay_misc_feat_columns
D:6:      layout_gridville, dreamdust_divine_triumvirate
D:7:      layout_loops_ring, palyth_temple_overflow_mages,
          mainiacjoe_overflow_boulevard, nicolae_ossuary_entry_catacombs,
          uniq_maggie
D:8:      layout_loops_ring, lair_entry_dummy
D:9:      layout_loops_ring, kennysheep_slug_shrine,
          minmay_guarded_unrand_variability, uniq_amaemon
Temple:   hellmonk_temple_micro_hex

Skill      XL: |  1  2  3  4  5  6  7  8  9 10 |
---------------+-------------------------------+-----
Unarmed Combat | 1 2 11 12 13 14 | 14.5
Stealth        | 2 |  2.5
Dodging        | 3 5 |  5.0
Invocations    | 1 3 |  3.8
Spellcasting   | |  2.0
Conjurations   | |  0.6
Summonings     | |  0.6
Translocations | |  0.6

Action                     |  1- 3 |  4- 6 |  7- 9 | 10-12 || total
---------------------------+-------+-------+-------+-------++-------
  Melee: Unarmed           |    98 |    84 |   385 |    82 ||   649
         Punch             |       |     1 |       |       ||     1
  Throw: Dart              |       |     7 |     3 |       ||    10
   Cast: Magic Dart        |     1 |     1 |       |       ||     2
 Invoke: Wall of Briars    |       |       |     1 |       ||     1
  Evoke: Wand              |       |       |     2 |       ||     2
    Use: Scroll            |     1 |       |    11 |     2 ||    14
         Potion            |       |     2 |       |     5 ||     7
   Stab: Sleeping          |     3 |     7 |     4 |     1 ||    15
         Distracted        |       |     1 |       |       ||     1
         Paralysed         |       |       |     5 |       ||     5
 Armour: Robe              |    73 |    26 |       |       ||    99
         Animal skin       |       |     9 |    67 |       ||    76
         Acid dragon scale |       |       |   105 |    62 ||   167
  Dodge: Dodged            |    58 |    25 |   159 |    71 ||   313
  Block: Kite shield       |       |     4 |   125 |    45 ||   174

Action                     |  1- 3 |  4- 6 |  7- 9 | 10-12 || total
---------------------------+-------+-------+-------+-------++-------
  Melee: Unarmed           |    98 |    84 |   385 |    82 ||   649
         Punch             |       |     1 |       |       ||     1
  Throw: Dart              |       |     7 |     3 |       ||    10
   Cast: Magic Dart        |     1 |     1 |       |       ||     2
 Invoke: Wall of Briars    |       |       |     1 |       ||     1
  Evoke: Wand              |       |       |     2 |       ||     2
    Use: Scroll            |     1 |       |    11 |     2 ||    14
         Potion            |       |     2 |       |     5 ||     7
   Stab: Sleeping          |     3 |     7 |     4 |     1 ||    15
         Distracted        |       |     1 |       |       ||     1
         Paralysed         |       |       |     5 |       ||     5
 Armour: Robe              |    73 |    26 |       |       ||    99
         Animal skin       |       |     9 |    67 |       ||    76
         Acid dragon scale |       |       |   105 |    62 ||   167
  Dodge: Dodged            |    58 |    25 |   159 |    71 ||   313
  Block: Kite shield       |       |     4 |   125 |    45 ||   174

Levels and vault maps discovered:
D:1:      dpeg_arrival_ratfight, layout_loops_ring, nicolae_hexahallways
D:2:      layout_loops_ring, palyth_stone_intersect, kennysheep_generic_room_16,
          uniq_robin, uniq_sigmund, uniq_natasha, uniq_terence
D:3:      layout_loops_ring, mainiacjoe_overflow_alcove_3, grunt_decor_junction
D:4:      layout_gridville, minmay_temple_entry_drinking_statues, serial_shops,
          shop_statue, reono_crystal_passage
D:5:      minmay_skewed_foursquare, layout_basic, kennysheep_mini,
          mainiacjoe_overflow_concentric_impassable, minmay_misc_feat_columns
D:6:      layout_gridville, dreamdust_divine_triumvirate
D:7:      layout_loops_ring, palyth_temple_overflow_mages,
          mainiacjoe_overflow_boulevard, nicolae_ossuary_entry_catacombs,
          uniq_maggie
D:8:      layout_loops_ring, lair_entry_dummy
D:9:      layout_loops_ring, kennysheep_slug_shrine,
          minmay_guarded_unrand_variability, uniq_amaemon
Temple:   hellmonk_temple_micro_hex
